 Dungeon Crawl Stone Soup version 0.28-a0-998-gb9e9c7b67e (webtiles) character file.

Game seed: 15119009642300209203

3 ytrimaz the Insei (level 1, -1/13 HPs)
             Began as an Octopode Transmuter on Dec 5, 2021.
             Slain by a jackal (3 damage)
             ... on level 1 of the Dungeon.
             The game lasted 00:00:16 (267 turns).

ytrimaz the Insei (Octopode Transmuter)              Turns: 267, Time: 00:00:17

Health: -1/13      AC:  1    Str:  9    XL:     1   Next: 50%
Magic:  2/3        EV: 13    Int: 15    God:
Gold:   37         SH:  0    Dex: 12    Spells: 3/4 levels left

rFire   . . .      SeeInvis .     - Unarmed
rCold   . . .      Faith    .   (no shield)
rNeg    . . .      Spirit   .   (helmet restricted)
rPois   .          Reflect  .   (no amulet)
rElec   .          Harm     .   (no ring)
rCorr   .          Rampage  .   (no ring)
Will    .....                   (no ring)
Stlth   ++........              (no ring)
HPRegen 0.04/turn               (no ring)
MPRegen 0.08/turn               (no ring)
                                (no ring)
                                (no ring)

@: very slightly contaminated
A: almost no armour, amphibious, 8 rings, camouflage 1, gelatinous body 1,
(nimble swimmer 1), tentacles
a: no special abilities


You were on level 1 of the Dungeon.
You visited 1 branch of the dungeon, and saw 1 of its levels.

You collected 37 gold pieces.

Inventory:

Scrolls
 a - a scroll of holy word {unknown}
 b - a scroll of teleportation {unknown}
Potions
 c - a potion of might {unknown}


   Skills:
 + Level 1.0 Fighting
 + Level 2.0 Dodging
 + Level 3.2 Unarmed Combat
 + Level 2.0 Spellcasting
 + Level 2.0 Transmutations


You had 3 spell levels left.
You knew the following spells:

 Your Spells              Type           Power      Damage    Failure   Level
a - Beastly Appendage     Tmut           14%        N/A       10%         1

Your spell library contained the following spells:

 Spells                   Type           Power      Damage    Failure   Level
 Wereblood                Tmut           7%         N/A       14%         2
 Spider Form              Tmut/Pois      4%         N/A       41%         3
 Ice Form                 Ice/Tmut       4%         N/A       82%         4


Dungeon Overview and Level Annotations

Branches:
Dungeon (1/15)

Altars:


Innate Abilities, Weirdness & Mutations

You cannot wear most types of armour.
You are amphibious.
You can wear up to eight rings at the same time.
Your skin changes colour to match your surroundings (Stealth+).
Your rubbery body absorbs attacks. (AC +1, EV +1)
((You are camouflaged near water. (Stealth+)))
You have tentacles for arms and can constrict up to eight enemies at once.


Message History

HP restored.
You now have 9 gold pieces.
You now have 18 gold pieces (gained 9).
You see here a quokka corpse.
b - a scroll labelled UWILOSEULA You now have 37 gold pieces (gained 19).
Key pressed, stopping explore.
c - a murky coppery potion
Found a stone staircase leading down.
A jackal comes into view.
A jackal is nearby!
A jackal is nearby!
A jackal comes into view.
The helpless jackal fails to defend itself.
You tentacle-slap the jackal but do no damage.
Your grab misses the jackal. The jackal closely misses you.
The jackal barely misses you.
The jackal barks!
You tentacle-slap the jackal but do no damage.
You grab the jackal. Your squeeze misses the jackal. You constrict the jackal.
The jackal bites you. The jackal barely misses you.
You barely miss the jackal. You grab the jackal.
You constrict the jackal, but do no damage.
You constrict the jackal. The jackal bites you. x2
You completely miss the jackal. You constrict the jackal.
You constrict the jackal, but do no damage.
The jackal closely misses you. The jackal bites you. x2
* * * LOW HITPOINT WARNING * * *
The jackal bites you but does no damage.
You release your grip on the jackal. x2
Casting: Beastly Appendage (safe; 10% risk of failure)
Confirm with . or Enter, or press ? or * to list all spells.
You miscast Beastly Appendage.
You are very lightly contaminated with residual magic.
Nothing appears to happen.
The jackal misses you. x2
You completely miss the jackal. You grab the jackal.
The jackal is lightly wounded.
You constrict the jackal, but do no damage.
The jackal bites you.
You die...

### ##.##### ###
#......# #.>
##.###.# #.# #.# #.#
#.# #.# #.# #.# #.#
#.# #.######## ###.#
#.# #.##.@hh.# ....#
#.####.##.###.......
##### #.........#
.#.###. ######....#
.. .. ####.......
... #..#..#.# #.
#...#...# ##########
#..##..## .........#
#..# #


You could see 2 jackals.

Vanquished Creatures
  A goblin (D:1)
  A quokka (D:1)
  A bat (D:1)
3 creatures vanquished.

Notes
Turn   | Place    | Note
-------+----------+-------------------------------------------
     0 | D:1      | ytrimaz the Octopode Transmuter began the quest for the
                  | Orb.
     0 | D:1      | Reached XP level 1. HP: 13/13 MP: 3/3
   267 | D:1      | Slain by a jackal

Illustrated notes

Levels and vault maps discovered:
D:1:      dpeg_arrival_rooms_with_view, layout_loops_ring

Action                   || total
-------------------------++-------
Melee: Unarmed           ||    10
       Constrict         ||     5
       Punch             ||     1
       Tentacles         ||     1
 Stab: Sleeping          ||     3
Armor: Skin              ||     2
Dodge: Dodged            ||     7

Table legend: (Time is in decaauts)
 A = Elapsed time spent in this place.
 B = Non-inter-level travel time spent in this place.
 C = Inter-level travel time spent in this place.
 D = Time resting spent in this place.
 E = Time spent auto-exploring this place.
 F = Levels seen in this place.
 G = Mean time per level.
                   A        B        C        D        E       F      G
               +--------+--------+--------+--------+--------+-----+--------+
         Total |    266 |    266 |      0 |      0 |    223 |   1 |  266.0 |
       Dungeon |    266 |    266 |      0 |      0 |    223 |   1 |  266.0 |
               +--------+--------+--------+--------+--------+-----+--------+

Top non-repeatable levels by time:
     D:1: 266 daAuts
